 Dungeon Crawl Stone Soup version 0.31-a0-654-gbe3e110b4e (webtiles) character file.

Game seed: 7280626678726192074

126876 inmateoo the Marksdraconian (level 16, -6/125 HPs)
             Began as a Purple Draconian Hunter on Aug 27, 2023.
             Was the Champion of Hepliaklqana.
             Mangled by a caustic shrike simulacrum (21 damage)
             ... in an ice cave on Aug 29, 2023.
             The game lasted 00:43:13 (25742 turns).

inmateoo the Marksdraconian (DrHu)                 Turns: 25742, Time: 00:43:13

Health: -6/125     AC: 18    Str: 14    XL:     16   Next: 44%
Magic:  29/29      EV: 39    Int: 15    God:    Hepliaklqana [******]
Gold:   849        SH:  7    Dex: 19    Spells: 29/33 levels left

rFire   . . .        b - +5 sling (heavy)
rCold   + . .        R - +2 buckler of Tenacity {Str+4 Int+2}
rNeg    . . .        (body armour unavailable)
rPois   +            B - +2 hat
rElec   .            z - +1 cloak
rCorr   .            H - +3 Mad Mage's Maulers {Infuse+∞ VampMP -Cast}
SInv    .            m - +0 pair of boots
Will    ++...        S - amulet "Filiwe" {Acrobat +Blink rPois rC+ Str-4}
Stlth   ++++         Q - +5 ring of evasion
HPRegen 0.40/turn    t - ring of poison resistance
MPRegen 0.21/turn

%: no spellcasting, acrobat, infuse magic (29 MP)
@: about to teleport, acrobatic
A: reduced essence, breathe power, AC +9, unfitting armour, cold-blooded
a: Breathe Dispelling Energy, Renounce Religion, Evoke Blink, Recall Ancestor,
Ancestor Identity, Transference, Idealise


You were in an ice cave.
You worshipped Hepliaklqana.
Hepliaklqana was exalted by your worship.
You visited 5 branches of the dungeon, and saw 24 of its levels.
You also visited: Bailey and Ice Cave.

You collected 2111 gold pieces.
You spent 1262 gold pieces at shops.

Inventory:

Hand Weapons
 b - a +5 heavy sling (weapon)
 K - a +1 antimagic hand crossbow
 N - the +5 rapier of Action {protect, rPois Str+4 Dex+3}
   (You found it on level 5 of the Lair of Beasts)

   Str+4:     It affects your strength (+4).
   Dex+3:     It affects your dexterity (+3).
   rPois:     It protects you from poison
 T - a +2 longbow of flaming
Missiles
 J - 4 throwing nets
Armour
 m - a +0 pair of boots (worn)
 z - a +1 cloak (worn)
 B - a +2 hat (worn)
 G - a +0 pair of gloves
 H - the +3 Mad Mage's Maulers (worn) {Infuse+∞ VampMP -Cast}
   (You found it in a bailey)

   Infuse+∞: It empowers its wearer's blows with all of their magic.
   VampMP:    Blows struck in melee replenish the wearer's magic.
   -Cast:     It prevents spellcasting.
 R - the +2 buckler of Tenacity (worn) {Str+4 Int+2}
   (You bought it in a shop on level 2 of the Orcish Mines)

   Str+4:     It affects your strength (+4).
   Int+2:     It affects your intelligence (+2).
 V - the +2 helmet of the Baker {rElec rF+ rN+}
   (You found it in an ice cave)

   rF+:       It protects you from fire.
   rElec:     It insulates you from electricity.
   rN+:       It protects you from negative energy.
Jewellery
 i - a ring of fire
 k - a ring of positive energy
 r - a ring of positive energy
 t - a ring of poison resistance (right hand)
 x - a ring of see invisible
 L - the amulet "Hilotini" {+Blink rElec rN+ Regen+ MP+9 Int-5}
   (You found it on level 5 of the Lair of Beasts)

   [amulet of regeneration]

   Int-5:     It affects your intelligence (-5).
   rElec:     It insulates you from electricity.
   rN+:       It protects you from negative energy.
   MP+9:      It affects your magic capacity (+9).
   +Blink:    It lets you blink.
   Regen+:    It increases your rate of health regeneration.
 Q - a +5 ring of evasion (left hand)
 S - the amulet "Filiwe" (around neck) {Acrobat +Blink rPois rC+ Str-4}
   (You found it on level 14 of the Dungeon)

   [amulet of the acrobat]

   Acrobat:   It increases your evasion while moving and waiting.
   Str-4:     It affects your strength (-4).
   rC+:       It protects you from cold.
   rPois:     It protects you from poison +Blink: It lets you blink.
Wands
 a - a wand of digging (9)
 w - a wand of iceblast (33)
 D - a wand of flame (38)
 F - a wand of charming (23)
Scrolls
 c - 2 scrolls of fog
 d - a scroll of vulnerability
 n - 2 scrolls of amnesia
 o - 4 scrolls of poison
 p - 3 scrolls of revelation
 s - 8 scrolls of identify
 y - a scroll of silence {unknown}
 C - 4 scrolls of enchant armour
 P - 3 scrolls of enchant weapon
 U - a scroll of fear
Potions
 e - 3 potions of might
 f - 2 potions of attraction
 g - 5 potions of mutation
 h - a potion of heal wounds
 j - 4 potions of brilliance
 l - 7 potions of haste
 q - a potion of magic
 u - 11 potions of curing
 A - 6 potions of lignification
 E - a potion of resistance
 O - a potion of invisibility {unknown}
Miscellaneous
 M - a phantom mirror (inert)


   Skills:
 + Level 11.7 Fighting
 + Level 17.6 Ranged Weapons
 + Level 11.2 Dodging
 - Level 7.0 Stealth
 + Level 3.4 Shields
 + Level 9.2 Spellcasting
 + Level 5.1 Summonings
 + Level 5.2 Air Magic
 + Level 11.5 Invocations
 - Level 6.0 Evocations


You had 29 spell levels left.
You knew the following spells:

 Your Spells              Type           Power      Damage    Failure   Level
a - Summon Lightning Spi  Summ/Air       22%        N/A       17%         4

Your spell library contained the following spells:

 Spells                   Type           Power      Damage    Failure   Level
 Summon Small Mammal      Summ           88%        N/A       1%          1
 Call Canine Familiar     Summ           22%        N/A       4%          3
 Poisonous Vapours        Pois/Air       28%        N/A       7%          2
 Summon Guardian Golem    Hex/Summ       14%        N/A       14%         3
 Mephitic Cloud           Conj/Pois/Air  12%        N/A       21%         3
 Dazzling Flash           Conj/Hex       12%        N/A       38%         3
 Portal Projectile        Hex/Tloc       12%        N/A       38%         3
 Stone Arrow              Conj/Erth      12%        3d7       38%         3
 Tukima's Dance           Hex            6%         N/A       38%         3
 Silence                  Hex/Air        7%         N/A       78%         5
 Iskenderun's Mystic Bla  Conj/Tloc      6%         2d4       80%         4
 Leda's Liquefaction      Hex/Erth       3%         N/A       80%         4
 Freezing Cloud           Conj/Ice/Air   6%         6-21      88%         5
 Agony                    Necr           6%         N/A       98%         5
 Lee's Rapid Deconstruct  Erth           3%         3d5*      98%         5
 Malign Gateway           Summ/Tloc      7%         N/A       100%        7
 Lehudib's Crystal Spear  Conj/Erth      3%         10d2      100%        8
 Summon Horrible Things   Summ           11%        N/A       100%        8
 Animate Armour           Summ/Erth      Unusable   N/A       N/A         4

Dungeon Overview and Level Annotations

Branches:
Dungeon (15/15)            Temple (0/1) D:5            Lair (5/5) D:9
 Shoals (1/4) Lair:2       Spider (1/4) Lair:3        Slime (0/5) Lair:4
    Orc (2/2) D:9             Elf (0/3) Orc:2        Vaults (0/5) D:13
 Depths (0/4) D:15         Bailey (visited)           IceCv (1/1)

Altars:
Elyvilon
Gozag
Hepliaklqana
Nemelex Xobeh
Sif Muna
Vehumet
Jiyva

Shops:
D:3 (   D:5 (   D:8 (   D:10 (   Orc:2 =([?:   Shoals:1 [

Portals:
Trove: D:12 (give 3 potions of resistance)

Annotations:
D:15 Roxanne


Innate Abilities, Weirdness & Mutations

Your life essence is reduced to manifest your ancestor. (-10% HP)
You can breathe bolts of dispelling energy.
Your rich purple scales are hard. (AC +9)
You cannot fit into any form of body armour.
You are cold-blooded and may be slowed by cold attacks.


Message History

You shoot a sling bullet.
The sling bullet closely misses the spriggan defender simulacrum.
You block the spriggan defender simulacrum's attack.
You shoot a sling bullet.
The sling bullet closely misses the spriggan defender simulacrum.
The spriggan defender simulacrum hits you!
The spriggan defender simulacrum freezes you!
You resist.
The spriggan defender simulacrum hits you.
The spriggan defender simulacrum freezes you!
You resist.
You are too injured to fight recklessly!
You are too injured to fight recklessly!
Aiming: Phantom Mirror
Press: ? - help, Dir - move target, f/p - spriggan defender simulacrum
Aim: a spriggan defender simulacrum (severely damaged)
You reflect the spriggan defender simulacrum with the mirror!
The mirror clouds!
Your spriggan defender simulacrum hits the spriggan defender simulacrum!
Your spriggan defender simulacrum freezes the spriggan defender simulacrum.
The spriggan defender simulacrum completely resists.
The spriggan defender simulacrum hits your spriggan defender simulacrum!
Your spriggan defender simulacrum vaporises!
You shoot a sling bullet.
The sling bullet hits the spriggan defender simulacrum!
The spriggan defender simulacrum vaporises!
You start resting.
A caustic shrike simulacrum is nearby!
As you read the scroll of teleportation, it crumbles to dust.
You feel strangely unstable.
The caustic shrike simulacrum barely misses you.
The caustic shrike simulacrum claws you.
The caustic shrike simulacrum freezes you!!
You resist.
* * * LOW HITPOINT WARNING * * *
The caustic shrike simulacrum claws you!
* * * LOW HITPOINT WARNING * * *
The caustic shrike simulacrum freezes you!!
You resist.
You die...

...#..### ##.....##
##..### ##...##.###
#### ####...###≈≈≈#
#######....####≈≈≈###
####....#...###
#≈≈#≈2≈##
##...##....###
######≈≈# #..#########
######.###.≈# ##...###
##..)#.#.##.##
##....## #@Z⌠..###..##
##....######...##.Z###
##
###.....#####..##.Z.#
≈#≈##
##.....####°.###Z.Z#
≈≈≈≈# ###....#...##
2Z2.# ≈≈≈≈≈≈≈
####...### .Z.##
##≈≈≈≈≈ ##### .###
≈≈≈≈ .$ #≈≈ #}


You could see a caustic shrike simulacrum.

Vanquished Creatures
  Jorgrun (Orc:2)
  A blizzard demon (IceCv)
  Fannar (D:11)
  Harold (D:9)
  A catoblepas (Lair:2)
  3 hydras
  3 centaur warriors
  2 merfolk aquamancers (Shoals:1)
  2 two-headed ogres
  3 boulder beetles
  8 death yaks (Lair:4)
  2 tengu warriors
  Amaemon (Lair:2)
  2 goliath frogs (Lair:5)
  A deep troll (D:14)
  7 spriggan simulacra (IceCv)
  A lindwurm (Lair:3)
  Pikel (D:5)
  A bog body (IceCv)
  2 necromancers
  2 ugly things
  An orc sorcerer (Orc:2)
  2 cyclopes
  4 elephants
  2 manticores
  Joseph (D:8)
  3 black mambas
  An ice statue (Shoals:1)
  13 cane toads
  2 gargoyles
  An orange demon (Lair:2)
  3 komodo dragons
  4 tengu conjurers
  Maggie (D:7)
  5 yaktaurs (D:15)
  A freezing wraith (IceCv)
  An anaconda simulacrum (IceCv)
  2 harpy zombies (Shoals:1)
  3 ice devils (IceCv)
  2 trolls
  A polar bear (Lair:2)
  A tyrant leech (Lair:5)
  A dream sheep (Lair:4)
  A tarantella (Spider:1)
  A snapping turtle (Shoals:1)
  19 blink frogs
  8 slime creatures
  2 wraiths
  A water elemental (Shoals:1)
  A vampire (Bailey)
  4 wyverns
  2 basilisks (D:13)
  20 yaks
  3 hogs (Lair:3)
  A steam dragon (D:8)
  A fire elemental (D:15)
  7 vampire mosquitoes
  2 minotaur simulacra (IceCv)
  Menkaure (D:7)
  Edmund (D:6)
  2 wargs
  2 harpy simulacra (IceCv)
  A two-headed ogre zombie (Orc:1)
  A hydra simulacrum (IceCv)
  14 water moccasins
  2 hell hounds
  Duvessa (D:7)
  11 orc warriors
  A sky beast (D:5)
  2 black bears
  4 ogres
  3 ettin simulacra (IceCv)
  2 wolves
  7 centaurs
  A phantom (D:4)
  A lemure (D:5)
  10 bullfrogs
  A cyclops zombie (Orc:1)
  5 scorpions
  5 deep troll simulacra (IceCv)
  2 gnoll sergeants
  7 wights
  Dowan (D:7)
  A lindwurm simulacrum (IceCv)
  6 killer bees
  3 electric eels
  4 vampire bats (Bailey)
  2 wolf zombies (Bailey)
  A howler monkey (D:10)
  A jelly (D:7)
  16 orc priests
  3 iguanas
  20 orc wizards
  A troll simulacrum (Orc:1)
  A boggart simulacrum (D:14)
  6 gnolls
  3 adders
  An orc skeleton (Orc:1)
  2 white imps
  2 ufetubi (D:5)
  3 worms
  A dart slug (D:3)
  48 orcs
  4 ball pythons
  9 bats
  6 endoplasms
  3 giant cockroaches
  8 goblins
  6 hobgoblins
  7 jackals
  2 kobolds
  3 quokkas
  A frilled lizard (D:1)
  10 orc zombies (Bailey)
  2 rats
448 creatures vanquished.

Vanquished Creatures (collateral kills)
  Frances (D:13)
  Louise (Shoals:1)
  Nessos (D:15)
  Azrael (D:15)
  A blizzard demon (IceCv)
  An ettin (D:15)
  4 hydras
  4 two-headed ogres
  2 boulder beetles
  A catoblepas (Lair:4)
  5 centaur warriors
  6 death yaks (Lair:4)
  5 tengu warriors
  A merfolk aquamancer (Shoals:1)
  An orc high priest (Orc:2)
  A demonic crawler (Lair:3)
  Nergalle (Lair:1)
  A skyshark (Lair:5)
  6 spriggan simulacra (IceCv)
  2 lindwurms
  2 orc knights
  An obsidian statue (IceCv)
  4 ugly things
  2 fauns (Shoals:1)
  A deep elf pyromancer (D:14)
  3 orc sorcerers (Orc:2)
  A wolf spider (Lair:3)
  5 elephants
  A cyclops (D:14)
  3 manticores
  A merfolk siren (Shoals:1)
  6 black mambas
  A gargoyle (D:13)
  12 cane toads
  A rime drake (Lair:5)
  2 efreet
  3 freezing wraiths (IceCv)
  2 komodo dragons
  3 ice devils (IceCv)
  A wind drake (Shoals:1)
  A tengu conjurer (D:15)
  4 merfolk (Shoals:1)
  A meliai (Lair:3)
  A polar bear (Lair:2)
  3 trolls
  2 harpy zombies (Shoals:1)
  13 blink frogs
  2 dream sheep (Shoals:1)
  3 snapping turtles
  5 slime creatures
  2 shadows
  7 water elementals (Shoals:1)
  2 vampires (D:13)
  2 wraiths (D:10)
  A wyvern (D:8)
  A hog (Lair:3)
  3 basilisks
  17 yaks
  A fire elemental (D:15)
  A steam dragon (D:7)
  4 minotaur simulacra (IceCv)
  6 vampire mosquitoes
  A warg (Orc:2)
  A hydra simulacrum (IceCv)
  2 acid dragons
  A hell hound (D:15)
  2 water moccasins
  2 sky beasts
  16 orc warriors
  2 black bears (D:9)
  An ogre (Orc:2)
  7 centaurs
  7 wolves
  A lemure (D:5)
  3 phantoms
  7 bullfrogs
  2 gnoll sergeants
  3 scorpions (D:5)
  A deep troll simulacrum (IceCv)
  6 wights
  3 vampire bats (Bailey)
  A killer bee (D:10)
  3 howler monkeys
  3 wolf zombies (Bailey)
  A jelly (D:5)
  A gnoll bouda (D:7)
  12 orc priests
  Crazy Yiuf (D:4)
  2 iguanas (D:4)
  2 sleepcaps
  20 orc wizards
  An adder (D:5)
  8 gnolls
  16 orcs
  A jackal (D:5)
  3 quokkas
  7 orc zombies (Bailey)
333 creatures vanquished.

Vanquished Creatures (others)
  Kirke (Lair:3)
  A sea snake (Shoals:1)
  A wizard (D:14)
  A merfolk (Shoals:1)
  A centaur simulacrum (D:15)
  A hound (D:7)
  An orc wizard (Orc:2)
  65 battlemagi
72 creatures vanquished.

Grand Total: 853 creatures vanquished

Notes
Turn   | Place    | Note
-------+----------+-------------------------------------------
     0 | D:1      | inmateoo the Draconian Hunter began the quest for the Orb.
     0 | D:1      | Reached XP level 1. HP: 17/17 MP: 1/1
    25 | D:1      | Found a faded altar of an unknown god.
    47 | D:1      | Reached skill level 1 in Stealth
   263 | D:1      | Reached XP level 2. HP: 25/25 MP: 2/2
   724 | D:2      | Found a hazy altar of Hepliaklqana.
   734 | D:2      | Became a worshipper of Hepliaklqana the Forgotten
   942 | D:2      | Reached XP level 3. HP: 30/30 MP: 3/3
  1531 | D:2      | Reached skill level 4 in Ranged Weapons
  2024 | D:3      | Reached * piety under Hepliaklqana
  2261 | D:3      | Found Atatyaw's Weapon Shoppe.
  2264 | D:3      | Reached XP level 4. HP: 34/34 MP: 4/4
  2273 | D:3      | You fall into a shaft and drop 3 floors!
  2277 | D:5      | Entered Level 5 of the Dungeon
  2277 | D:5      | Noticed an ogre
  2281 | D:5      | Killed an ogre
  2282 | D:5      | Reached XP level 5. HP: 13/40 MP: 2/5
  2497 | D:4      | Reached ** piety under Hepliaklqana
  2498 | D:4      | Remembered your ancestor Citlalmina as a battlemage
  2895 | D:4      | Noticed a phantom
  2904 | D:4      | Killed a phantom
  2905 | D:4      | Reached skill level 1 in Invocations
  2905 | D:4      | Reached XP level 6. HP: 46/46 MP: 6/6
  3059 | D:4      | Found a runed translucent door.
  3060 | D:4      | Noticed Crazy Yiuf
  3278 | D:4      | Killed Crazy Yiuf
  3350 | D:5      | Noticed an orc warrior
  3356 | D:5      | Killed an orc warrior
  3357 | D:5      | Reached skill level 5 in Ranged Weapons
  3357 | D:5      | Noticed Pikel
  3388 | D:5      | Killed Pikel
  3389 | D:5      | Reached skill level 5 in Fighting
  3389 | D:5      | Reached skill level 6 in Ranged Weapons
  3389 | D:5      | Your scales start taking on a rich purple colour.
  3389 | D:5      | Reached XP level 7. HP: 20/54 MP: 7/10
  3580 | D:5      | Reached XP level 8. HP: 61/61 MP: 11/11
  3621 | D:5      | Found a staircase to the Ecumenical Temple.
  3712 | D:5      | Reached skill level 7 in Ranged Weapons
  3815 | D:5      | Reached skill level 8 in Ranged Weapons
  3888 | D:5      | Reached skill level 1 in Spellcasting
  3941 | D:5      | Found Gesoju's Weapon Shoppe.
  4031 | D:3      | Bought a +3 heavy sling for 236 gold pieces
  4144 | D:6      | Noticed Edmund
  4147 | D:6      | Killed Edmund
  4148 | D:6      | Reached skill level 1 in Evocations
  4418 | D:6      | Reached *** piety under Hepliaklqana
  4702 | D:7      | Found a shimmering blue altar of Sif Muna.
  4702 | D:7      | Found a radiant altar of Vehumet.
  4706 | D:7      | Reached XP level 9. HP: 62/66 MP: 11/13
  4762 | D:7      | Noticed Duvessa
  4763 | D:7      | Noticed Dowan
  4766 | D:7      | Killed Duvessa
  4777 | D:7      | Killed Dowan
  4795 | D:7      | Noticed Maggie
  4984 | D:7      | Killed Maggie
  4985 | D:7      | Reached skill level 5 in Invocations
  5069 | D:7      | Found a shimmering blue altar of Sif Muna.
  5106 | D:7      | Noticed Menkaure
  5110 | D:7      | Killed Menkaure
  5271 | D:7      | Found a white marble altar of Elyvilon.
  5273 | D:7      | Found a sparkling altar of Nemelex Xobeh.
  5301 | D:7      | Noticed a troll
  5304 | D:7      | Reached XP level 10. HP: 75/75 MP: 16/16
  5311 | D:7      | Reached skill level 5 in Stealth
  5502 | D:8      | Noticed a two-headed ogre
  5513 | D:8      | Killed a two-headed ogre
  5514 | D:8      | Reached skill level 9 in Ranged Weapons
  5540 | D:8      | Reached skill level 5 in Dodging
  5614 | D:8      | Noticed Joseph
  5673 | D:8      | Killed Joseph
  5750 | D:8      | Reached **** piety under Hepliaklqana
  5785 | D:8      | Found Yrasyu's Hydra Hut.
  5787 | D:8      | Noticed a four-headed hydra
  6047 | D:8      | Found a flagged portal.
  6056 | Bailey   | Entered a bailey
  6231 | Bailey   | Noticed a gargoyle
  6250 | Bailey   | Killed a gargoyle
  6519 | Bailey   | Found the +3 Mad Mage's Maulers {Infuse+∞ VampMP -Cast}
  6967 | D:9      | Noticed Harold
  6995 | D:9      | Killed Harold
  7139 | D:9      | Reached XP level 11. HP: 83/84 MP: 17/17
  7342 | D:9      | Found a staircase to the Lair.
  7453 | D:9      | Reached skill level 10 in Ranged Weapons
  7488 | D:9      | Found a staircase to the Orcish Mines.
  8041 | D:10     | Entered Level 10 of the Dungeon
  8228 | D:10     | Reached ***** piety under Hepliaklqana
  8286 | D:10     | Found Qaqeucre's Weapon Emporium.
  8697 | D:11     | Reached skill level 11 in Ranged Weapons
  9166 | D:11     | Noticed Fannar
  9373 | D:11     | Killed Fannar
  9539 | D:12     | Noticed a two-headed ogre
  9544 | D:12     | Killed a two-headed ogre
  9655 | D:12     | Noticed a two-headed ogre
  9661 | D:12     | Killed a two-headed ogre
  9662 | D:12     | Reached skill level 12 in Ranged Weapons
 10150 | D:12     | Noticed a boulder beetle
 10218 | Lair:1   | Entered Level 1 of the Lair of Beasts
 10337 | Lair:1   | You fall into a shaft and drop 1 floor!
 10354 | Lair:2   | Reached XP level 12. HP: 55/90 MP: 18/18
 10460 | Lair:2   | Noticed Amaemon
 10474 | Lair:2   | Killed Amaemon
 10476 | Lair:2   | Reached skill level 13 in Ranged Weapons
 10596 | Lair:2   | Noticed a catoblepas
 10607 | Lair:2   | Killed a catoblepas
 10872 | Lair:2   | Noticed a six-headed hydra
 10874 | Lair:2   | Killed a six-headed hydra
 11035 | Lair:2   | Reached skill level 14 in Ranged Weapons
 11255 | Lair:2   | Found a staircase to the Shoals.
 11656 | Lair:1   | Noticed Nergalle
 11668 | Lair:1   | Killed Nergalle
 11669 | Lair:1   | Reached skill level 5 in Spellcasting
 11952 | Lair:1   | Reached ****** piety under Hepliaklqana
 12642 | Lair:3   | Noticed Kirke
 12654 | Lair:3   | Reached XP level 13. HP: 92/99 MP: 21/21
 12660 | Lair:3   | Killed Kirke
 13025 | Lair:3   | Found a hole to the Spider Nest.
 14089 | Lair:4   | Reached skill level 10 in Fighting
 14482 | Lair:4   | Reached skill level 15 in Ranged Weapons
 14751 | Lair:4   | Found a viscous altar of Jiyva.
 14751 | Lair:4   | Found a staircase to the Slime Pits.
 14897 | Lair:5   | Entered Level 5 of the Lair of Beasts
 15021 | Lair:5   | Reached skill level 10 in Invocations
 15028 | Lair:5   | Reached XP level 14. HP: 60/108 MP: 18/24
 15541 | Lair:5   | Reached skill level 10 in Dodging
 15919 | Lair:5   | Reached skill level 16 in Ranged Weapons
 16152 | Lair:5   | Identified the amulet "Hilotini" {+Blink rElec rN+ Regen+
                  | MP+9 Int-5}
 16247 | Lair:5   | Identified the +5 rapier of Action {protect, rPois Str+4
                  | Dex+3}
 16605 | Lair:4   | Reached skill level 5 in Evocations
 17690 | D:12     | Found a portal to a secret trove of treasure.
 17987 | D:12     | Reached skill level 17 in Ranged Weapons
 17994 | D:12     | Learned a level 4 spell: Summon Lightning Spire
 18476 | D:13     | Reached skill level 1 in Summonings
 18476 | D:13     | Reached skill level 1 in Air Magic
 18597 | D:13     | Reached XP level 15. HP: 102/113 MP: 25/25
 18639 | D:13     | Found a gate to the Vaults.
 18663 | D:13     | Noticed Frances
 18675 | D:13     | Killed Frances
 19385 | D:8      | Bought a +0 longbow of freezing for 137 gold pieces
 19428 | Orc:1    | Entered Level 1 of the Orcish Mines
 19874 | Orc:2    | Entered Level 2 of the Orcish Mines
 19891 | Orc:2    | Noticed Jorgrun
 19902 | Orc:2    | Killed Jorgrun
 20005 | Orc:2    | Found a staircase to the Elven Halls.
 20036 | Orc:2    | Found Qunaw's Book Boutique.
 20325 | Orc:2    | Found Woirchisi's Magic Scroll Shoppe.
 20325 | Orc:2    | Found Datom's Antique Armour Shoppe.
 20329 | Orc:2    | Found Notoss's Jewellery Emporium.
 20333 | Orc:2    | Found Pifepn's Antique Weapon Emporium.
 20344 | Orc:2    | Bought a scroll of enchant armour for 120 gold pieces
 20344 | Orc:2    | Bought a scroll of enchant weapon for 120 gold pieces
 20344 | Orc:2    | Bought a scroll of blinking for 120 gold pieces
 20344 | Orc:2    | Bought a scroll of revelation for 120 gold pieces
 20344 | Orc:2    | Bought a scroll of identify for 32 gold pieces
 20344 | Orc:2    | Bought a scroll of identify for 32 gold pieces
 20344 | Orc:2    | Bought a scroll of identify for 32 gold pieces
 20345 | Orc:2    | Bought a crude buckler for 313 gold pieces
 20345 | Orc:2    | Identified the +2 buckler of Tenacity {Str+4 Int+2} (You
                  | bought it in a shop on level 2 of the Orcish Mines)
 21270 | D:14     | Identified the amulet "Filiwe" {Acrobat +Blink rPois rC+
                  | Str-4}
 21489 | D:15     | Entered Level 15 of the Dungeon
 21514 | D:15     | Noticed Nessos
 21960 | D:15     | Killed Nessos
 21993 | D:15     | Noticed Azrael
 22148 | D:15     | Found an opulent altar of Gozag.
 22229 | D:15     | Reached skill level 1 in Shields
 22628 | D:15     | Noticed Roxanne
 22787 | D:15     | Killed Azrael
 22809 | D:15     | Found a staircase to the Depths.
 23134 | Spider:1 | Entered Level 1 of the Spider Nest
 23348 | Shoals:1 | Entered Level 1 of the Shoals
 23348 | Shoals:1 | Noticed Louise
 23348 | Shoals:1 | Found Fopluem's Armour Boutique.
 23360 | Shoals:1 | Killed Louise
 23370 | Shoals:1 | Reached XP level 16. HP: 82/123 MP: 28/28
 23590 | Shoals:1 | Found a frozen archway.
 23614 | IceCv    | Entered an ice cave
 24581 | IceCv    | Upgraded the game from 0.31-a0-640-g39d97e502b to
                  | 0.31-a0-654-gbe3e110b4e
 24850 | IceCv    | Reached skill level 5 in Air Magic
 25015 | IceCv    | Reached skill level 5 in Summonings
 25147 | IceCv    | Identified the +2 helmet of the Baker {rElec rF+ rN+}
 25742 | IceCv    | Mangled by a caustic shrike simulacrum

Illustrated notes

Levels and vault maps discovered:
D:1:      dpeg_arrival_stonehenge_8_columns, layout_basic,
          hellmonk_ecumenical_altar_pennies_from_heaven
D:2:      layout_basic, basic_altar
D:3:      layout_rooms, serial_shops, nicolae_shop_bloodbath_and_beyond
D:4:      layout_basic, kennysheep_nub, uniq_crazy_yiuf_cottage
D:5:      layout_basic, minmay_temple_entry_large_hall, serial_shops,
          shop_statue, uniq_pikel
D:6:      nicolae_cairo_tiling, layout_basic, uniq_edmund
D:7:      layout_basic, nicolae_overflow_macrodata_refinement,
          minmay_ruined_shrine, uniq_maggie, uniq_duvessa, uniq_menkaure
D:8:      layout_basic, enter_bailey_5, doesnt_shop_hydraphobe, uniq_joseph
D:9:      layout_basic, due_lair_maze_entry_diamond, david_orc_3, uniq_harold
D:10:     layout_long_grid, serial_shops, shop
D:11:     layout_loops_ring, uniq_fannar
D:12:     layout_loops_cross, nicolae_trove_entry_columns, minmay_fountain_box,
          nicolae_fountain_basement
D:13:     layout_small_grid, david_vaults_1, minivault_26,
          kennysheep_kite_vault, uniq_frances
D:14:     layout_roguey
D:15:     hangedman_depths_entry_civil_slaughter, layout_basic,
          nicolae_gozag_seed_capital, uniq_roxanne, uniq_nessos, uniq_azrael
Lair:1:   layout_small_grid, uniq_nergalle
Lair:2:   layout_gridlike, minmay_shoals_entry_hut, uniq_amaemon
Lair:3:   layout_chaotic_city, hellmonk_spider_entry_not_the_bees,
          nicolae_quartered_pool_super, beast_lair_carwin_11, uniq_kirke
Lair:4:   layout_regular_city, dpeg_slime_entry_enclosed,
          minmay_shattered_shrine, infiniplex_staircase_pool
Lair:5:   minmay_lair_end_frog_pond, layout_small_grid
Shoals:1: argonaut_golden_fleece, layout_shoals, serial_shops,
          nicolae_shop_tiny_statue_garden, portal_ice_cave_entry_ice_statue_one,
          nicolae_shoals_undead_eyrie, uniq_louise
Spider:1: layout_spider_delve
Orc:1:    dreamdust_under_siege, layout_diamond_mine
Orc:2:    st_orc_mages, layout_caves, serial_shops, nicolae_book_shop_shelving,
          uniq_jorgrun
IceCv:    ice_cave_caverns_01

Skill      XL: |  1  2  3  4  5  6  7  8  9 10 11 12 13 14 15 16 |
---------------+-------------------------------------------------+-----
Stealth        | 1 2 3 4 6 7 |  7.0
Dodging        | 2 3 4 6 7 9 10 11 | 11.2
Ranged Weapons | 4 6 8 9 12 14 15 17 | 17.6
Fighting       | 3 4 5 6 8 9 10 11 | 11.7
Invocations    | 1 4 5 7 8 10 11 | 11.5
Spellcasting   | 2 4 5 7 8 9 |  9.2
Evocations     | 1 2 6 |  6.0
Summonings     | 1 4 5 |  5.1
Air Magic      | 1 4 5 |  5.2
Shields        | 1 3 |  3.4

Action                     |  1- 3 |  4- 6 |  7- 9 | 10-12 | 13-15 | 16-18 || total
---------------------------+-------+-------+-------+-------+-------+-------++-------
   Fire: Sling             |    82 |    92 |   169 |   597 |  1290 |   200 ||  2430
 Invoke: Recall Ancestor   |       |     1 |       |     2 |     5 |     1 ||     9
         Ancestor Life: Ba |       |     1 |       |       |       |       ||     1
         Idealise          |       |       |       |       |     7 |     2 ||     9
Ability: Breathe Dispellin |       |       |       |     3 |     8 |     2 ||    13
         Evoke Blink       |       |       |       |       |     4 |     1 ||     5
  Evoke: Wand              |       |       |       |     3 |    21 |     3 ||    27
         Phantom mirror    |       |       |       |       |     2 |     1 ||     3
    Use: Scroll            |       |     1 |       |    26 |     8 |     3 ||    38
         Potion            |       |       |       |     1 |     4 |     2 ||     7
 Armour: Skin              |    11 |     9 |    18 |    97 |   298 |    33 ||   466
  Dodge: Dodged            |    21 |    13 |    50 |   256 |   639 |   121 ||  1100
  Block: Buckler           |       |       |       |       |    82 |    46 ||   128

Table legend: (Time is in decaauts)
 A = Elapsed time spent in this place.
 B = Non-inter-level travel time spent in this place.
 C = Inter-level travel time spent in this place.
 D = Time resting spent in this place.
 E = Time spent auto-exploring this place.
 F = Levels seen in this place.
 G = Mean time per level.
                   A        B        C        D        E       F      G
               +--------+--------+--------+--------+--------+-----+--------+
         Total |  26157 |  24440 |   1717 |   6027 |  12538 |  26 | 1006.0 |
       Dungeon |  14331 |  13194 |   1137 |   2430 |   8235 |  15 |  955.4 |
          Lair |   7434 |   7007 |    427 |   1975 |   3305 |   5 | 1486.8 |
        Shoals |    278 |    278 |      0 |    108 |      0 |   1 |  278.0 |
   Spider Nest |     41 |     41 |      0 |      0 |     21 |   1 |   41.0 |
  Orcish Mines |   1319 |   1168 |    151 |      5 |    755 |   2 |  659.5 |
        Bailey |    609 |    609 |      0 |    216 |    141 |   1 |  609.0 |
      Ice Cave |   2142 |   2142 |      0 |   1292 |     80 |   1 | 2142.0 |
               +--------+--------+--------+--------+--------+-----+--------+

Top non-repeatable levels by time:
   IceCv: 2142 daAuts
  Lair:5: 2034 daAuts
  Lair:4: 1754 daAuts
    D:12: 1564 daAuts
  Lair:2: 1379 daAuts
     D:2: 1335 daAuts
  Lair:3: 1243 daAuts
    D:14: 1127 daAuts
     D:9: 1125 daAuts
    D:13: 1113 daAuts
     D:8: 1075 daAuts
    D:15: 1023 daAuts
  Lair:1: 1022 daAuts
    D:10: 888 daAuts
     D:4: 860 daAuts
